 Dungeon Crawl Stone Soup version 0.29-a0-284-gf9362112df (webtiles) character file.

Game seed: 10192208793288516099

22 domi the Magician (level 2, -1/19 HPs)
             Began as a Demonspawn Hedge Wizard on Mar 22, 2022.
             Slain by a jackal (3 damage)
             ... on level 1 of the Dungeon.
             The game lasted 00:02:24 (890 turns).

domi the Magician (Demonspawn Hedge Wizard)          Turns: 890, Time: 00:02:25

Health: -1/19      AC:  2    Str: 10    XL:     2   Next: 68%
Magic:  1/6        EV: 11    Int: 21    God:
Gold:   67         SH:  3    Dex: 12    Spells: 2/7 levels left

rFire   . . .      SeeInvis .   a - +0 dagger
rCold   . . .      Faith    .   l - +0 buckler
rNeg    . . .      Spirit   .   b - +0 robe
rPois   .          Reflect  .   k - +0 hat {Will+}
rElec   .          Harm     .   (no cloak)
rCorr   .          Rampage  .   (no gloves)
Will    +....                   (no boots)
Stlth   ++........              j - amulet of magic regeneration
HPRegen 0.06/turn               f - +6 ring of intelligence
MPRegen 0.50/turn               (no ring)

@: no status effects
A: antennae 1
a: no special abilities


You were on level 1 of the Dungeon.
You visited 1 branch of the dungeon, and saw 1 of its levels.

You collected 67 gold pieces.

Inventory:

Hand Weapons
 a - a +0 dagger (weapon)
Armour
 b - a +0 robe (worn)
 c - a +0 hat
 k - a +0 hat of willpower (worn)
   (You found it on level 1 of the Dungeon)
 l - a +0 buckler (worn)
   (You found it on level 1 of the Dungeon)
Jewellery
 f - a +6 ring of intelligence (left hand)
   (You found it on level 1 of the Dungeon)
 j - an amulet of magic regeneration (around neck)
   (You found it on level 1 of the Dungeon)
Scrolls
 g - a scroll of immolation {unknown}
 i - a scroll of identify {unknown}
Potions
 d - 2 potions of magic
 e - a potion of flight {unknown}
 h - a potion of heal wounds {unknown}


   Skills:
 - Level 1.7 Dodging
 - Level 1.7 Stealth
 + Level 0.2 Shields
 + Level 3.2 Spellcasting
 * Level 2.2 Conjurations
 - Level 1.0 Summonings
 - Level 0.8 Translocations


You had 2 spell levels left.
You knew the following spells:

 Your Spells              Type           Power      Damage    Failure   Level
b - Blink                 Tloc           14%        N/A       19%         2
x - Call Imp              Summ           7%         N/A       19%         2
z - Magic Dart            Conj           48%        1d5       7%          1

Your spell library contained the following spells:

 Spells                   Type           Power      Damage    Failure   Level
 Apportation              Tloc           14%        N/A       12%         1
 Slow                     Hex            12%        N/A       19%         1
 Conjure Flame            Conj/Fire      8%         6-21      32%         3
 Mephitic Cloud           Conj/Pois/Air  6%         N/A       36%         3
 Alistair's Intoxication  Tmut/Pois      2%         N/A       99%         5


Dungeon Overview and Level Annotations

Branches:
Dungeon (1/15)

Altars:


Innate Abilities, Weirdness & Mutations

You have a pair of small antennae on your head.


Message History

Aim: a kobold, wielding a +0 whip (severely wounded, 100% to hit)
The magic dart hits the kobold.
You kill the kobold!
You now have 5/6 mp. 2 jackals come into view.
The jackal barks!
You hear a bark! x2
The jackal moves out of view. x2
A jackal comes into view.
MP restored: 6 A jackal is nearby!
A jackal is nearby!
A jackal is nearby!
A jackal is nearby!
Aim: a jackal (100% to hit)
The magic dart hits the jackal.
You now have 5/6 mp.
Aim: a jackal (moderately wounded, 100% to hit)
You miscast Magic Dart.
You are very lightly contaminated with residual magic.
Nothing appears to happen.
Unknown command.
Aim: a jackal (moderately wounded, 100% to hit)
The magic dart hits the jackal.
You now have 4/6 mp.
Aim: a jackal (severely wounded, 100% to hit)
The magic dart hits the jackal.
Unknown command.
Aim: a jackal (almost dead, 100% to hit)
The magic dart hits the jackal.
You kill the jackal!
A jackal comes into view.
You now have 3/6 mp.
Aim: a jackal (100% to hit)
The magic dart hits the jackal.
The jackal bites you.
You take 2 damage, and have 17/19 hp.
Aim: a jackal (moderately wounded, 100% to hit)
The magic dart hits the jackal but does no damage.
The jackal closely misses you. The jackal bites you.
You take 1 damage, and have 16/19 hp.
You now have 2/6 mp.
Unknown command.
Aim: a jackal (moderately wounded, 100% to hit)
The magic dart hits the jackal.
The jackal bites you.
Your magical contamination has completely faded away.
The jackal attacks as you move away! The jackal bites you. x2
You take 4 damage, and have 12/19 hp.
MASSIVE DAMAGE!!
The jackal bites you.
You take 1 damage, and have 11/19 hp.
You block the jackal's attack.
You closely miss the jackal. The jackal closely misses you.
You block the jackal's attack.
MP restored: 6 You closely miss the jackal.
The jackal completely misses you.
You hit the jackal. The jackal bites you.
The jackal bites you but does no damage.
You take 1 damage, and have 10/19 hp.
You barely miss the jackal.
The jackal bites you but does no damage.
Aim: a jackal (almost dead, 100% to hit)
The magic dart hits the jackal.
You kill the jackal!
You now have 5/6 mp.
Aim: a jackal (100% to hit)
The magic dart hits the jackal but does no damage.
The jackal barely misses you. The jackal completely misses you.
Aim: a jackal (100% to hit)
The magic dart hits the jackal but does no damage.
The jackal bites you.
You take 1 damage, and have 9/19 hp.
You now have 4/6 mp.
Aim: a jackal (100% to hit)
The magic dart hits the jackal but does no damage.
The jackal bites you.
Aim: a jackal (100% to hit)
The magic dart hits the jackal.
The jackal bites you.
* * * LOW HITPOINT WARNING * * *
The jackal barely misses you.
You take 5 damage, and have 4/19 hp.
MASSIVE DAMAGE!!
You now have 3/6 mp.
You aren't carrying any items that you can evoke.
Aim: a jackal (moderately wounded, 100% to hit)
The magic dart hits the jackal.
The jackal barely misses you.
Aim: a jackal (severely wounded, 100% to hit)
The magic dart hits the jackal.
The jackal closely misses you. The jackal bites you.
* * * LOW HITPOINT WARNING * * *
You take 1 damage, and have 4/19 hp.
You now have 2/6 mp.
Unknown command.
Aim: a jackal (almost dead, 100% to hit)
The magic dart hits the jackal.
You kill the jackal!
Aim: a jackal (100% to hit)
The magic dart hits the jackal.
The jackal misses you. The jackal bites you.
* * * LOW HITPOINT WARNING * * *
You take 2 damage, and have 2/19 hp.
You now have 1/6 mp.
Unknown command.
Aim: a jackal (heavily wounded, 100% to hit)
The magic dart hits the jackal but does no damage.
The jackal bites you.
You die...

####...## #.......## #....8...#
###### #)..≈≈≈..#### #....#
####...≈≈≈.(...# #.##.#
#......≈≈≈.....###
##.##.########.###..≈≈≈........
#♣.♣#...........@h.......†.....
#♣.♣##########..###......###.#
#♣.♣ #..# ######.....# #♣.♣
########..###########.## #♣.♣
#.....##....##...####.###
#♣.♣###.....##..#....#..##....##
#8.8#...........####.......#...#
#♣.♣###.....###.######.........#.
#♣.♣###.....##....# ##.........#.


You could see a jackal.

Vanquished Creatures
  4 bats (D:1)
  4 endoplasms (D:1)
  2 goblins (D:1)
  A hobgoblin (D:1)
  3 jackals (D:1)
  A quokka (D:1)
  A frilled lizard (D:1)
  3 kobolds (D:1)
19 creatures vanquished.

Notes
Turn   | Place    | Note
-------+----------+-------------------------------------------
     0 | D:1      | domi the Demonspawn Hedge Wizard began the quest for the
                  | Orb.
     0 | D:1      | Reached XP level 1. HP: 13/13 MP: 4/4
   325 | D:1      | Gained mutation: You have a pair of small antennae on your
                  | head. [demonic ancestry]
   325 | D:1      | Reached XP level 2. HP: 13/19 MP: 3/6
   479 | D:1      | Found Weamposu's Assorted Antiques.
   502 | D:1      | Reached skill level 2 in Conjurations
   541 | D:1      | Learned a level 2 spell: Call Imp
   544 | D:1      | Learned a level 2 spell: Blink
   885 | D:1      | HP: 4/19 [jackal (2)]
   890 | D:1      | Slain by a jackal

Illustrated notes

Levels and vault maps discovered:
D:1:      dpeg_arrival_round_b, layout_basic, serial_shops,
          nicolae_shop_temple_entry_statues_fountains,
          dreamdust_princess_corridor, nrook_campfire, skrybe_limestone_x,
          chequers_serial_rivers_small_3, kennysheep_decorative_pillar,
          serial_park_tiny_pond, minmay_pentomino_x2

Skill      XL: |  1  2 |
---------------+-------+-----
Conjurations   | 2 |  2.2
Dodging        | |  1.7
Stealth        | |  1.7
Shields        | |  0.2
Spellcasting   | |  3.2
Summonings     | |  1.0
Translocations | |  0.8

Action                   || total
-------------------------++-------
Melee: Dagger            ||    14
 Cast: Magic Dart        ||    48
Armor: Robe              ||     2
Dodge: Dodged            ||    20
Block: Buckler           ||     3

Table legend: (Time is in decaauts)
 A = Elapsed time spent in this place.
 B = Non-inter-level travel time spent in this place.
 C = Inter-level travel time spent in this place.
 D = Time resting spent in this place.
 E = Time spent auto-exploring this place.
 F = Levels seen in this place.
 G = Mean time per level.
                   A        B        C        D        E       F      G
               +--------+--------+--------+--------+--------+-----+--------+
         Total |    892 |    892 |      0 |    287 |    459 |   1 |  892.0 |
       Dungeon |    892 |    892 |      0 |    287 |    459 |   1 |  892.0 |
               +--------+--------+--------+--------+--------+-----+--------+

Top non-repeatable levels by time:
     D:1: 892 daAuts

Table legend:
 A = Kills in this place as a percentage of kills in entire the game.
 B = Kills by you in this place as a percentage of kills by you in the entire game.
 C = Kills by friends in this place as a percentage of kills by friends in the entire game.
 D = Other kills in this place as a percentage of other kills in the entire game.
 E = Experience gained in this place as a percentage of experience gained in the entire game.
 F = Experience gained in this place divided by the number of levels of this place that you have seen.
                   A       B       C       D       E      F
               +-------+-------+-------+-------+-------+----------------------
         Total | 100.0 | 100.0 |   N/A |   N/A | 100.0 |  32.0
       Dungeon | 100.0 | 100.0 |   N/A |   N/A | 100.0 |  32.0
               +-------+-------+-------+-------+-------+----------------------
